 Dungeon Crawl Stone Soup version 0.23.2-1-ga50397a6bc (webtiles) character file.

Game seed: 14066549004419663775

209 Freyura the Shield-Bearer (level 5, -3/49 HPs)
             Began as a Gargoyle Fighter on May 6, 2019.
             Slain by an iron imp (5 damage)
             ... summoned by Natasha
             ... on level 3 of the Dungeon.
             The game lasted 00:07:46 (2449 turns).

Freyura the Shield-Bearer (Gargoyle Fighter)        Turns: 2449, Time: 00:07:51

Health: -3/49      AC: 22    Str: 24 (25) XL:     5   Next: 87%
Magic:  5/5        EV:  2    Int:  7 (8)  God:
Gold:   172        SH:  9    Dex:  7 (8)  Spells: 4/4 levels left

rFire    . . .     SeeInvis .   a - +0 flail
rCold    . . .     Gourm    .   c - +0 shield
rNeg     + + +     Faith    .   (armour currently unavailable)
rPois    ∞         Spirit   .   (helmet currently unavailable)
rElec    .         Reflect  .   (cloak currently unavailable)
rCorr    +         Harm     .   (gloves currently unavailable)
MR       .....     Clarity  +   (boots currently unavailable) Stlth +.........NoTele +
                                (no amulet)
HPRegen  0.16/turn              k - ring of resist corrosion
MPRegen  0.09/turn              (no ring)

@: mighty, tree-form, slowed, very slow
A: clarity, clumsy 1, deterioration 1, negative energy resistance 1,
petrification resistance, rot immunity, AC +4
a: no special abilities


You were on level 3 of the Dungeon.
You were hungry.
You were a tree.
You visited 1 branch of the dungeon, and saw 3 of its levels.

You collected 172 gold pieces.

Inventory:

Hand Weapons
 a - a +0 flail (weapon)
Armour
 b - a +0 scale mail (melded)
 c - a +0 shield (worn)
 g - a scarf of resistance (melded)
 u - a +0 large shield
Jewellery
 k - a ring of resist corrosion (left branch)
Scrolls
 e - a scroll of enchant weapon {unknown}
 j - 3 scrolls of remove curse
 m - a scroll of noise {unknown}
 o - a scroll of enchant armour {unknown}
 p - 2 scrolls of blinking {unknown}
 t - a scroll of fear {unknown}
Potions
 h - a potion of ambrosia {unknown}
 i - a potion of heal wounds {unknown}
 n - a potion of curing {unknown}
 q - a potion of berserk rage {unknown}
 r - a potion of cancellation {unknown}
 s - a potion of brilliance {unknown}
Comestibles
 f - 8 rations


   Skills:
 + Level 4.1 Fighting
 + Level 3.5 Maces & Flails
 + Level 4.0 Armour
 + Level 1.2 Dodging
 + Level 0.8 Stealth
 + Level 4.3 Shields


You had 4 spell levels left.
You didn't know any spells.
Your spell library contained the following spells:

 Spells                   Type           Power        Failure   Level  Hunger
 Summon Small Mammal      Summ           #...         88%         1    ##.....
 Call Imp                 Summ           #.......     95%         2    ###....
 Call Canine Familiar     Summ           #.......     99%         3    ####...
 Summon Guardian Golem    Hex/Summ       #.......     99%         3    ####...
 Summon Ice Beast         Ice/Summ       #.......     100%        4    #####..
 Summon Lightning Spire   Summ/Air       #.......     100%        4    #####..


Dungeon Overview and Level Annotations

Branches:
Dungeon (3/15)

Altars:
Kikubaaqudgha

Annotations:
D:3 Natasha


Innate Abilities, Weirdness & Mutations

You are resistant to torment.
((Your stone body is resilient. (AC +4)))
You are immune to poison.
You resist negative energy. (rN+)
((You are resistant to electric shocks. (rElec)))
((You can survive without breathing.))
You are immune to petrification.
You are immune to rotting.
You possess an exceptional clarity of mind.
You are clumsy. (Dex -2)
Your body sometimes deteriorates upon taking damage.


Message History

You block the iron imp's attack.
You closely miss Natasha.
Natasha is moderately wounded.
Natasha splashes around in the water.
You block the iron imp's attack. The iron imp closely misses you.
Natasha claws you. The iron imp hits you.
* * * LOW HITPOINT WARNING * * *
Your body deteriorates!
You feel dopey. You block the iron imp's attack. You block Natasha's attack.
You feel very mighty all of a sudden. The iron imp barely misses you.
Natasha barely misses you. The iron imp hits you.
* * * LOW HITPOINT WARNING * * *
It was a potion of lignification.
You turn into a tree.
Your scarf of resistance melds into your body.
Your +0 scale mail melds into your body.
You feel hot and cold all over.
Your roots penetrate the ground.
You are feeling hungry.
The iron imp hits you but does no damage.
You block Natasha's attack. The iron imp hits you.
You die...

#.# #...P(≈≈≈≈≈≈.†.# #
#.#####.P..≈≈≈≈≈≈≈≈..# #
#...†.....≈≈≈≈≈≈≈≈≈..# #
#######..P≈≈≈≈≈≈≈≈≈..#
#..≈≈.≈≈≈≈≈≈♣.##
#..(♣..≈≈≈≈...#
#....PPP≈≈≈...##
#..P....≈hP....#
#.......5♣...P.#
########.####..#.5.###.#
......##..(..............
.####.######.####....##.##
.# #.# #.# #.##.# .# )#
#.# ####.#####. .# ##
.####.###...... # ..
..........##.# ##
..>........[.#


You could see 2 iron imps and Natasha.

Vanquished Creatures
  A hound (D:3)
  Jessica (D:2)
  Natasha (D:3)
  4 adders (D:3)
  A worm (D:2)
  2 leopard geckos (D:1)
  8 orcs (D:3)
  8 giant cockroaches
  9 goblins
  8 hobgoblins
  3 jackals (D:1)
  6 kobolds
  2 quokkas
  A ball python (D:2)
  7 bats
  10 frilled lizards
  9 rats
81 creatures vanquished.

Notes
Turn   | Place    | Note
-------+----------+-------------------------------------------
     0 | D:1      | Freyura the Gargoyle Fighter began the quest for the Orb.
     0 | D:1      | Reached XP level 1. HP: 14/14 MP: 1/1
    94 | D:1      | Reached XP level 2. HP: 12/19 MP: 2/2
   444 | D:1      | Reached XP level 3. HP: 19/23 MP: 3/3
   963 | D:2      | Noticed Jessica
   978 | D:2      | Killed Jessica
   978 | D:2      | Reached XP level 4. HP: 20/29 MP: 4/4
  1339 | D:2      | Gained mutation: You are frail. (-10% HP) [potion of
                  | mutation]
  1339 | D:2      | Gained mutation: Your magical capacity is low. (-10% MP)
                  | [potion of mutation]
  1339 | D:2      | Lost mutation: Your magical capacity is low. (-10% MP)
                  | [potion of mutation]
  1339 | D:2      | Gained mutation: Your skin changes colour to match your
                  | surroundings (Stealth+). [potion of mutation]
  1340 | D:2      | Lost mutation: You are frail. (-10% HP) [potion of
                  | mutation]
  1340 | D:2      | Lost mutation: Your skin changes colour to match your
                  | surroundings (Stealth+). [potion of mutation]
  1340 | D:2      | Gained mutation: Your body sometimes deteriorates upon
                  | taking damage. [potion of mutation]
  1340 | D:2      | Gained mutation: You are clumsy. (Dex -2) [potion of
                  | mutation]
  1340 | D:2      | Gained mutation: You possess an exceptional clarity of
                  | mind. [potion of mutation]
  1470 | D:2      | Found an ancient bone altar of Kikubaaqudgha.
  2058 | D:3      | Reached XP level 5. HP: 29/33 MP: 5/5
  2112 | D:3      | Reached skill level 1 in Dodging
  2205 | D:3      | Noticed Natasha
  2219 | D:3      | Killed Natasha
  2419 | D:3      | Noticed Natasha
  2448 | D:3      | HP: 1/33 [iron imp[Natasha] (5)]
  2449 | D:3      | Slain by an iron imp

Skill      XL: |  1  2  3  4  5 |
---------------+----------------+-----
Maces & Flails | 3 |  3.5
Shields        | 4 |  4.3
Dodging        | 1 |  1.2
Fighting       | 4 |  4.1
Armour         | 4 |  4.0
Stealth        | |  0.8

Action                   |  1- 3 |  4- 6 || total
-------------------------+-------+-------++-------
Melee: Flail             |   126 |   229 ||   355
  Use: Potion            |       |     4 ||     4
       Scroll            |       |     2 ||     2
  Eat: Chunk             |       |     2 ||     2
       Ration            |       |     1 ||     1
Armor: Scale mail        |    64 |   148 ||   212
       Skin              |       |     1 ||     1
Dodge: Dodged            |    46 |    81 ||   127
Block: Shield            |    65 |   150 ||   215
